 Dungeon Crawl Stone Soup version 0.22-a0-322-g60b3cfd (webtiles) character file.

392224 Manman the Hawkeye (level 23, -6/179 HPs)
             Began as an Ogre Arcane Marksman on Apr 3, 2018.
             Was a High Priest of Okawaru.
             Killed from afar by a green death (illusionary) (15 damage)
             ... with a bolt of poison
             ... on level 4 of the Abyss.
             The game lasted 03:55:23 (70024 turns).

Manman the Hawkeye (Ogre Arcane Marksman)          Turns: 70024, Time: 03:55:25

Health: -6/179     AC: 18    Str: 17    XL:     23   Next: 12%
Magic:  17/25      EV: 13    Int: 21    God:    Okawaru [*****.]
Gold:   1204       SH:  0    Dex: 13    Spells: 9/34 levels left

rFire    + + .     SeeInvis .   a - +3 rapier of Wealth {venom, Int+5}
rCold    . . .     Gourm    .   Y - +2 large shield
rNeg     . . .     Faith    .   Q - +4 fire dragon scales
rPois    .         Spirit   .   t - +1 hat
rElec    .         Reflect  .   U - scarf {repulsion}
rCorr    .         Harm     .   (gloves unavailable)
MR       ++...     Rnd*Rage +   (boots unavailable)
Stlth    ..........             G - amulet of regeneration
HPRegen  0.79/turn              c - ring of protection from cold {=R}
MPRegen  0.19/turn              s - +3 ring of slaying

@: confused, lethally poisoned (-6 -> -20), studying Hexes, repel missiles
A: large, unfitting armour, [berserk 2], [blurry vision 3], [frail 3], [low mp
2], tough skin 1, [weak 2], [no potion heal 2], subdued magic 1
}: 2/15 runes: decaying, serpentine
a: Heroism, Finesse, Renounce Religion


You were on level 4 of the Abyss.
You worshipped Okawaru.
Okawaru was extremely pleased with you.
You were not hungry.

You visited 8 branches of the dungeon, and saw 39 of its levels.
You visited the Abyss 1 time.
You also visited: Ice Cave.

You collected 4395 gold pieces.
You spent 3191 gold pieces at shops.

Inventory:

Hand Weapons
 a - the +3 rapier of Wealth (weapon) {venom, Int+5}
   (You found it on level 4 of the Dungeon)

   It poisons the flesh of those it strikes.
   It affects your intelligence (+5).
 b - a +0 blowgun {@w1}
Missiles
 A - 973 stones (quivered)
 K - 21 curare-tipped needles
Armour
 d - a +2 cloak of poison resistance
 t - a +1 hat (worn)
 Q - +4 fire dragon scales (worn)
 U - a scarf of repulsion (worn)
 Y - a +2 large shield (worn)
Jewellery
 c - a ring of protection from cold (left hand) {=R}
 i - an uncursed ring of see invisible
 s - a +3 ring of slaying (right hand)
 w - an uncursed ring of wizardry
 G - an amulet of regeneration (around neck)
Wands
 j - a wand of polymorph (12)
 m - a wand of paralysis (22)
 v - a wand of digging (1) {@v1}
 T - a wand of iceblast (3) {@v4}
Scrolls
 e - 3 scrolls of fear
 f - 3 scrolls of random uselessness {unknown}
 h - 3 scrolls of enchant weapon
 k - 6 scrolls of teleportation {@r3}
 l - 2 scrolls of fog
 r - a scroll of identify {@r1}
 u - 11 scrolls of remove curse {@r2}
 y - 8 scrolls of magic mapping
 F - a scroll of silence
 H - 4 scrolls of amnesia
 N - a scroll of blinking {@r4}
 W - a scroll of immolation
Potions
 g - 3 potions of curing {@q1}
 n - 2 potions of invisibility
 o - a potion of haste {@q3}
 p - 7 potions of magic
 q - 3 potions of might {@q4}
 z - 14 potions of brilliance {@q6}
 B - 5 potions of ambrosia
 O - 6 potions of agility {@q5}
 R - 9 potions of flight
 S - 5 potions of resistance
 V - 6 potions of heal wounds {@q2}
 X - 6 potions of mutation
Books
 P - a manual of Hexes
Miscellaneous
 E - a lamp of fire
Comestibles
 D - 35 rations {@e1}


   Skills:
 * Level 20.5 Fighting
 - Level 22.0 Throwing
 + Level 11.6 Armour
 + Level 12.3 Dodging
 - Level 15.0 Shields
 - Level 6.0 Spellcasting
 - Level 5.0 Conjurations
 - Level 9.8 Hexes
 + Level 5.9 Charms
 - Level 3.0 Necromancy
 - Level 7.3 Translocations
 - Level 3.0 Fire Magic
 - Level 10.0 Invocations


You had 9 spell levels left.
You knew the following spells:

 Your Spells              Type           Power        Failure   Level  Hunger
a - Confuse               Hex            #####...     1%          3    ##.....
b - Blink                 Tloc           N/A          1%          2    None
c - Conjure Flame         Conj/Fire      ###.....     16%         3    ##.....
d - Passwall              Tmut/Erth      #.........   38%         2    None
f - Cause Fear            Hex            #####.....   4%          4    ####...
o - Portal Projectile     Hex/Tloc       ####..       1%          3    ##.....
p - Apportation           Tloc           ####..       1%          1    None
r - Regeneration          Chrm/Necr      ###.......   12%         3    ##.....
s - Song of Slaying       Chrm           ###.....     3%          2    None
z - Poisonous Vapours     Pois/Air       #.....       38%         2    None


Dungeon Overview and Level Annotations

Branches:
Dungeon (15/15)            Temple (1/1) D:5            Lair (6/6) D:10
  Swamp (4/4) Lair:3        Snake (4/4) Lair:2        Slime (0/5) Lair:5
    Orc (2/2) D:11            Elf (3/3) Orc:2        Vaults (4/5) D:14
  Crypt (0/3) Vaults:2     Depths (0/5) D:15

Altars:
Dithmenos
Elyvilon
Fedhas
Gozag
Hepliaklqana
Kikubaaqudgha
Nemelex Xobeh
Okawaru
Qazlal
Ru
Sif Muna
Trog
Vehumet
Xom
Yredelemnul
Zin
The Shining One
Beogh

Shops:
D:4 :   D:5 ?   D:6 [   D:11 ?   Orc:2 [}[(   Elf:2 [%}   Elf:3 *   Snake:1 !
Vaults:1 (*   Vaults:3 (}

Annotations:
D:3 chromaticdragonking's ghost, amateur DsFi
D:4 exclusion: upstairs
Lair:2 exclusion: 3 oklob plants
Lair:3 swamp
Lair:4 exclusion: ice statue
Lair:5 exclusion: downstairs
Elf:2 3 runed doors


Innate Abilities, Weirdness & Mutations

You are too large for most types of armour.
You have tough skin. (AC +1)
Your spells are a little easier to cast, but a little less powerful.
[You often lose your temper in combat.]
[Scrolls take you much longer to read.]
[You are extremely frail. (-30% HP)]
[Your magical capacity is very low. (-20% MP)]
[You are very weak. (Str -4)]
[Potions are poor at restoring your health.]


Message History

The green death gestures at you.
The bolt of poison hits the efreet.
The bolt of poison hits you!
You are poisoned.
* * * LOW HITPOINT WARNING * * *
You block the rakshasa's attack. x2
Really read with blurry vision while enemies are nearby?
You feel sick. The golden eye blinks at you.
You are confused.
The smoke demon hits you but does no damage. x3
The efreet hits you with a scimitar of flaming.
* * * LOW HITPOINT WARNING * * *
The smoke demon gestures at you. Something smites you!
* * * LOW HITPOINT WARNING * * *
The green death gestures at you.
The bolt of poison hits the efreet.
The efreet is poisoned.
The bolt of poison hits you!
You are lethally poisoned!
You die...

.# .. #... .# ..#.# +
+.#.# .# .. . #.
+§R3.##.. # ... #. .
2R..# ##. . #
#+#.#.##32h#
##.###..#
......G@RRZ#
....#.#.# #
##.#.R###R.........##
. #..#.# #.#R#.#.##
..# ####. ..#.#. (. #
.... . #.G..# .# ...
. ## . . .# ##.....
.#. #.##. ....# #. #
#. #. #....#.### . ..
#. .#


You could see 2 green deaths, 3 rakshasas, 2 smoke demons, 4 efreet, a raiju, a
golden eye and a shadow dragon skeleton.

Vanquished Creatures
  Bai Suzhen (Snake:3)
  3 deep elf master archers
  Asterion (Elf:3)
  A deep elf blademaster (Elf:3)
  2 sphinxes
  The ghost of DarkwingDuck the Warrior, an adept MiSk of Uskayaw (Snake:2)
  Kirke (D:13)
  Agnes (Snake:3)
  A storm dragon (Vaults:1)
  A thorn hunter (Swamp:4)
  A tengu reaver (Vaults:4)
  Donald (Vaults:3)
  Roxanne (Elf:3)
  18 vault wardens
  19 nagarajas
  A fire giant (Vaults:1)
  7 deep elf sorcerers
  3 frost giants
  Louise (Swamp:1)
  6 deep elf elementalists
  Aizul (Elf:3)
  15 ironheart preservers
  7 very ugly things
  8 stone giants
  5 entropy weavers
  A dire elephant (Lair:5)
  3 deep elf demonologists
  7 deep elf annihilators
  An ettin (Vaults:4)
  The ghost of porpoise the Earth Mage, a journeyman GrEE of Vehumet (D:14)
  4 deep elf death magi
  2 crystal guardians (Vaults:4)
  2 fire dragons
  3 great orbs of eyes
  9 yaktaur captains
  2 deep elf high priests (Elf:2)
  Harold (Lair:1)
  9 ice dragons
  12 naga warriors
  9 anacondas
  16 hydras
  16 two-headed ogres
  10 alligators
  17 vault guards
  4 death knights
  A catoblepas (Lair:5)
  7 ogre magi
  6 centaur warriors
  8 dancing weapons
  3 tengu warriors
  5 naga sharpshooters
  A deep troll shaman (Vaults:2)
  2 orc high priests
  6 shock serpents
  A small abomination (Elf:3)
  Sonja (Lair:2)
  26 deep elf knights
  2 salamander mystics
  A fire crab (Lair:6)
  5 shadow wraiths
  A spatial maelstrom (Abyss:4)
  A glowing orange brain (Vaults:2)
  10 skeletal warriors
  2 unseen horrors
  3 spriggan druids
  10 naga ritualists
  8 sea snakes (Snake:4)
  2 shambling mangroves
  7 wizards
  5 swamp dragons
  9 deep trolls
  15 ironbrand convokers
  17 deep elf archers
  14 orc knights
  8 harpies (Vaults:2)
  Pikel (D:8)
  2 necromancers
  3 wolf spiders
  14 mana vipers
  21 ugly things
  A manticore (D:7)
  86 deep elf magi
  7 orc sorcerers
  A manticore (shapeshifter) (Vaults:4)
  6 salamanders
  6 cyclopes
  22 elephants
  5 guardian serpents
  2 eyes of devastation
  20 naga magi
  3 molten gargoyles (Lair:6)
  37 black mambas
  An ice statue (IceCv)
  15 vault sentinels
  13 spiny frogs
  4 centaur skeletons
  29 yaktaurs
  2 komodo dragons (shapeshifter)
  4 rime drakes
  2 efreet
  A kobold demonologist (D:12)
  8 freezing wraiths
  3 tengu conjurers
  15 komodo dragons
  A polar bear (shapeshifter) (Vaults:4)
  A yaktaur skeleton (Vaults:2)
  9 polar bears
  19 tyrant leeches
  5 trolls
  17 hornets
  4 meliai
  A raiju (shapeshifter) (Vaults:3)
  23 slime creatures
  An ettin zombie (Vaults:2)
  9 hippogriffs
  40 blink frogs
  15 bog bodies
  A dream sheep (Lair:5)
  A shadow (D:10)
  A water elemental (Elf:3)
  3 air elementals
  8 redbacks
  5 spriggans
  48 yaks
  A tarantella (Vaults:3)
  2 wraiths
  A hog (shapeshifter) (Vaults:3)
  5 basilisks
  A steam dragon (Lair:6)
  2 hogs (D:13)
  2 swamp worm simulacra (Swamp:4)
  4 wyverns
  4 fire elementals
  A yaktaur simulacrum (Vaults:1)
  2 hungry ghosts
  14 swamp worms
  9 insubstantial wisps
  4 wargs
  47 nagas
  A soldier ant (D:12)
  21 vampire mosquitoes
  4 large abominations (Abyss:4)
  A soldier ant (shapeshifter) (Vaults:1)
  2 acid dragons
  12 hydra simulacra (Swamp:4)
  A deep troll skeleton (Vaults:2)
  A floating eye (shapeshifter) (Vaults:4)
  5 water moccasins
  9 porcupines
  5 hell hounds (Lair:6)
  7 swamp drakes
  12 ice beasts
  30 orc warriors
  5 sky beasts
  2 slaves (D:8)
  An eye of draining (shapeshifter) (Vaults:3)
  An elf zombie (Vaults:2)
  An eye of draining (Lair:5)
  27 ogres
  2 phantoms
  A necrophage (D:8)
  13 wolves
  An elf skeleton (Vaults:2)
  5 black bears
  5 boggarts
  13 crocodiles
  18 centaurs
  3 big kobolds
  16 bullfrogs
  An earth elemental (Elf:2)
  A human simulacrum (Vaults:2)
  6 scorpions
  A water moccasin skeleton (D:6)
  15 wights
  3 electric eels
  2 howler monkeys
  14 crimson imps
  2 centaur zombies
  3 bullfrog zombies
  6 lava snakes
  9 hounds
  A jelly (D:10)
  29 orc wizards
  23 orc priests
  4 bullfrog skeletons
  3 iguanas
  2 hell rats (D:8)
  12 worker ants
  A hound zombie (D:7)
  2 hound skeletons
  2 gnolls (D:7)
  13 adders
  5 river rats (D:8)
  2 shadow imps
  2 white imps (Lair:4)
  An ooze (D:3)
  6 swamp drake simulacra (Swamp:4)
  An adder zombie (D:7)
  A worm (D:6)
  2 dart slugs
  3 leopard geckos
  68 orcs
  2 ball pythons
  8 bats
  4 giant cockroaches
  7 goblins
  14 hobgoblins
  7 jackals
  A quokka (shapeshifter) (Vaults:3)
  6 quokkas
  4 frilled lizards
  A jackal skeleton (D:7)
  A jackal zombie (D:8)
  17 kobolds
  A leopard gecko skeleton (D:7)
  A quokka skeleton (D:4)
  21 rats
  3 fungi
  A plant (Elf:2)
1638 creatures vanquished.

Vanquished Creatures (others)
  A deep elf sorcerer (Elf:3)
  A deep elf mage (Elf:2)
  A guardian serpent (Snake:4)
  A blink frog (Lair:6)
  A hippogriff (Lair:2)
  A spriggan (Swamp:4)
  2 yaks (IceCv)
  A human (D:13)
  2 golden eyes (Abyss:4)
  A hound (D:13)
  A bush (Lair:4)
  45 fungi
  17 plants
  2 starspawn tentacles (Abyss:4)
  9 toadstools (Lair:5)
86 creatures vanquished.

Grand Total: 1724 creatures vanquished

Notes
Turn   | Place    | Note
-------+----------+-------------------------------------------
     0 | D:1      | Manman the Ogre Arcane Marksman began the quest for the Orb.
     0 | D:1      | Reached XP level 1. HP: 19/19 MP: 2/2
   358 | D:1      | Reached XP level 2. HP: 20/28 MP: 1/3
  1486 | D:2      | Reached skill level 3 in Throwing
  1486 | D:2      | Reached XP level 3. HP: 36/36 MP: 1/4
  1577 | D:2      | Learned a level 3 spell: Portal Projectile
  1718 | D:2      | ARE YOU FUCKING SERIOUS
  1718 | D:2      | invincible adder ftw
  2423 | D:2      | Reached XP level 4. HP: 35/44 MP: 2/6
  2766 | D:2      | Found an opulent altar of Gozag.
  2769 | D:2      | Found a deep blue altar of Sif Muna.
  2772 | D:2      | Found a glowing silver altar of Zin.
  3612 | D:3      | Noticed chromaticdragonking's ghost (amateur DsFi)
  3715 | D:3      | Reached skill level 4 in Throwing
  3715 | D:3      | Reached XP level 5. HP: 36/53 MP: 3/8
  3815 | D:2      | Learned a level 2 spell: Slow
  4576 | D:4      | NICE BOOK
  4579 | D:4      | Learned a level 2 spell: Blink
  4903 | D:4      | Noticed an ogre
  4913 | D:4      | Killed an ogre
  4913 | D:4      | Reached skill level 1 in Translocations
  4913 | D:4      | Reached XP level 6. HP: 36/62 MP: 3/9
  5271 | D:4      | Got a transparent rapier
  5272 | D:4      | Identified the +3 rapier of Wealth {venom, Int+5} (You found it on level 4 of the Dungeon)
  5327 | D:4      | Found Kumyqer's Book Boutique.
  5625 | D:5      | Entered Level 5 of the Dungeon
  5683 | D:5      | Found a blossoming altar of Fedhas.
  5965 | D:5      | Reached skill level 5 in Throwing
  6185 | D:5      | Found a sparkling altar of Nemelex Xobeh.
  6243 | D:5      | Found Diricva Qehi's Magic Scroll Boutique.
  6248 | D:5      | Bought a scroll of fear for 45 gold pieces
  6248 | D:5      | Bought a scroll of blinking for 97 gold pieces
  6248 | D:5      | Bought a scroll of magic mapping for 45 gold pieces
  6329 | D:5      | Noticed a phantom
  6366 | D:5      | Killed a phantom
  6366 | D:5      | Reached XP level 7. HP: 53/71 MP: 6/10
  6522 | D:5      | Found a staircase to the Ecumenical Temple.
  6912 | Temple   | Entered the Ecumenical Temple
  6931 | Temple   | Became a worshipper of Warmaster Okawaru
  6981 | D:6      | Found a shadowy altar of Dithmenos.
  6996 | D:6      | Reached skill level 5 in Fighting
  7206 | D:6      | Reached skill level 6 in Throwing
  7628 | D:6      | Reached XP level 8. HP: 83/83 MP: 9/11
  7678 | D:6      | Reached * piety under Okawaru
  7927 | D:6      | Reached skill level 7 in Throwing
  8027 | D:6      | Reached skill level 1 in Invocations
  8383 | D:6      | Found Yteuppuo's Antique Armour Shoppe.
  8666 | D:6      | Found the +7 Singing Sword
  9253 | D:7      | Noticed a manticore
  9280 | D:7      | Killed a manticore
  9280 | D:7      | Reached ** piety under Okawaru
  9280 | D:7      | Reached skill level 8 in Throwing
  9280 | D:7      | Reached XP level 9. HP: 32/93 MP: 9/12
  9849 | D:7      | Found an iron altar of Okawaru.
 10562 | D:7      | Reached skill level 9 in Throwing
 10677 | D:8      | Reached skill level 5 in Translocations
 11105 | D:8      | Noticed Pikel
 11124 | D:8      | Killed Pikel
 11124 | D:8      | Reached *** piety under Okawaru
 11124 | D:8      | Reached XP level 10. HP: 77/106 MP: 9/13
 11320 | D:8      | Learned a level 1 spell: Apportation
 11377 | D:8      | Reached skill level 10 in Throwing
 12413 | D:9      | Noticed a two-headed ogre
 12858 | D:10     | Entered Level 10 of the Dungeon
 12863 | D:10     | Learned a level 3 spell: Conjure Flame
 12930 | D:10     | Reached skill level 1 in Conjurations
 13127 | D:10     | Reached skill level 1 in Fire Magic
 13232 | D:10     | Reached **** piety under Okawaru
 13266 | D:10     | Found a staircase to the Lair.
 13292 | D:10     | Received a gift from Okawaru
 13599 | D:10     | Noticed an unseen horror
 13619 | D:10     | Killed an unseen horror
 13619 | D:10     | Reached skill level 10 in Fighting
 13619 | D:10     | Reached skill level 11 in Throwing
 13619 | D:10     | Reached XP level 11. HP: 96/116 MP: 7/14
 14238 | Lair:1   | Entered Level 1 of the Lair of Beasts
 14332 | Lair:1   | Learned a level 3 spell: Confuse
 15236 | Lair:2   | Noticed Harold
 15267 | Lair:1   | Killed Harold
 15267 | Lair:1   | Received a gift from Okawaru
 15267 | Lair:1   | Reached ***** piety under Okawaru
 15378 | Lair:2   | Found a frozen archway.
 15405 | Lair:2   | Reached skill level 5 in Hexes
 15534 | IceCv    | Entered an ice cave
 15557 | IceCv    | Received a gift from Okawaru
 15955 | IceCv    | Learned a level 4 spell: Cause Fear
 15989 | IceCv    | Reached skill level 12 in Throwing
 16152 | IceCv    | Reached XP level 12. HP: 129/129 MP: 15/18
 16277 | IceCv    | Received a gift from Okawaru
 16392 | IceCv    | Reached skill level 5 in Spellcasting
 16464 | IceCv    | Learned a level 3 spell: Regeneration
 16467 | IceCv    | Learned a level 2 spell: Song of Slaying
 16632 | IceCv    | nice cloud timing
 16633 | IceCv    | Noticed a frost giant
 16989 | Lair:2   | Reached skill level 1 in Charms
 16989 | Lair:2   | Reached skill level 1 in Necromancy
 17719 | Lair:2   | Found a staircase to the Snake Pit.
 17922 | Lair:2   | Noticed Sonja
 17932 | Lair:2   | Killed Sonja
 18653 | Lair:3   | Reached skill level 13 in Throwing
 18654 | Lair:3   | Received a gift from Okawaru
 18849 | Lair:3   | Noticed a four-headed hydra
 18929 | Lair:3   | Killed a four-headed hydra
 18929 | Lair:3   | Received a gift from Okawaru
 19148 | Lair:3   | Reached skill level 5 in Dodging
 19628 | Lair:4   | Reached XP level 13. HP: 78/141 MP: 3/20
 19632 | Lair:4   | Received a gift from Okawaru
 19866 | Lair:4   | Noticed an ice dragon
 20010 | Lair:4   | Identified the +1 hand axe "Dicyrhirr" {freeze, *Contam Str+4 Dex+3} (You found it on level 4 of the Lair of Beasts)
 20595 | Lair:4   | Received a gift from Okawaru
 20873 | Lair:4   | Received a gift from Okawaru
 20910 | Lair:4   | Received a gift from Okawaru
 20910 | Lair:4   | Reached skill level 14 in Throwing
 21525 | Lair:4   | Killed an ice dragon
 21619 | Lair:4   | Received a gift from Okawaru
 22083 | Lair:5   | Reached skill level 5 in Invocations
 22589 | Lair:5   | Reached skill level 1 in Armour
 22678 | Lair:5   | Found a staircase to the Slime Pits.
 23441 | Lair:5   | Found a runed door.
 23638 | Lair:6   | Entered Level 6 of the Lair of Beasts
 24012 | Lair:6   | Received a gift from Okawaru
 24388 | Lair:6   | Received a gift from Okawaru
 24388 | Lair:6   | Reached XP level 14. HP: 112/153 MP: 16/21
 24936 | Lair:6   | Received a gift from Okawaru
 25064 | Lair:6   | Received a gift from Okawaru
 25440 | Lair:6   | Received a gift from Okawaru
 25577 | Lair:6   | Reached skill level 15 in Throwing
 26157 | Lair:6   | Received a gift from Okawaru
 26464 | Lair:6   | Found a large runed door.
 26465 | Lair:6   | Found a large runed door.
 27786 | Lair:5   | Noticed a dire elephant
 27812 | Lair:5   | Reached skill level 1 in Shields
 27929 | Lair:5   | Killed a dire elephant
 28733 | D:11     | Found a staircase to the Orcish Mines.
 28994 | D:11     | Found Modecehe's Magic Scroll Boutique.
 28999 | D:11     | Bought a scroll of enchant armour for 127 gold pieces
 28999 | D:11     | Bought a scroll of summoning for 161 gold pieces
 29446 | D:12     | Learned a level 2 spell: Poisonous Vapours
 29545 | D:12     | Reached XP level 15. HP: 132/165 MP: 22/22
 30789 | D:13     | Noticed Kirke
 30797 | D:13     | Killed Kirke
 30938 | D:13     | Received a gift from Okawaru
 31296 | D:13     | Received a gift from Okawaru
 31796 | D:14     | Found a bloodstained altar of Trog.
 32102 | D:14     | Reached skill level 5 in Conjurations
 32168 | D:14     | Received a gift from Okawaru
 32169 | D:14     | Reached skill level 5 in Shields
 32191 | D:14     | Received a gift from Okawaru
 32191 | D:14     | Reached skill level 15 in Fighting
 32228 | D:14     | Noticed porpoise's ghost (journeyman GrEE)
 32241 | D:14     | Killed porpoise's ghost
 32385 | D:14     | Found a gate to the Vaults.
 32859 | D:15     | Entered Level 15 of the Dungeon
 33193 | D:15     | Received a gift from Okawaru
 33833 | D:15     | Received a gift from Okawaru
 33981 | D:15     | Reached skill level 16 in Throwing
 34026 | D:15     | Found a staircase to the Depths.
 34105 | D:15     | Reached XP level 16. HP: 119/176 MP: 25/25
 34440 | Orc:1    | Entered Level 1 of the Orcish Mines
 34708 | Orc:2    | Entered Level 2 of the Orcish Mines
 34835 | Orc:2    | Found a roughly hewn altar of Beogh.
 34983 | Orc:2    | Received a gift from Okawaru
 35226 | Orc:2    | Found a staircase to the Elven Halls.
 35374 | Orc:2    | Found Bafin's Antique Weapon Emporium.
 35374 | Orc:2    | Found Famumoywu's Gadget Shoppe.
 35375 | Orc:2    | Found Uwkutal's Antique Armour Shoppe.
 35386 | Orc:2    | Found Vuimyidd's Antique Armour Emporium.
 35436 | Orc:2    | Found a roughly hewn altar of Beogh.
 35708 | Orc:2    | Found a shimmering altar of Xom.
 36358 | D:6      | Found a shadowy altar of Dithmenos.
 36597 | D:6      | Found Yteuppuo's Antique Armour Shoppe.
 36945 | Lair:3   | Found a staircase to the Swamp.
 37027 | Swamp:1  | Entered Level 1 of the Swamp
 37769 | Swamp:1  | Received a gift from Okawaru
 37911 | Swamp:1  | Noticed Louise
 37994 | Swamp:1  | Killed Louise
 38161 | Swamp:1  | Reached skill level 5 in Armour
 38958 | Swamp:1  | Paralysed by a hornet for 1 turns
 40173 | Swamp:2  | Received a gift from Okawaru
 41651 | Swamp:3  | Reached skill level 10 in Shields
 42410 | Swamp:4  | Entered Level 4 of the Swamp
 42420 | Swamp:4  | Noticed a thorn hunter
 42425 | Swamp:3  | Received a gift from Okawaru
 42713 | Swamp:4  | Killed a thorn hunter
 42713 | Swamp:4  | Reached XP level 17. HP: 147/184 MP: 18/26
 43018 | Swamp:4  | Paralysed by a hornet for 1 turns
 43020 | Swamp:4  | Paralysed by a hornet for 1 turns
 43024 | Swamp:4  | Paralysed by a hornet for 3 turns
 44618 | Swamp:4  | Got a decaying rune of Zot
 44826 | Snake:1  | Entered Level 1 of the Snake Pit
 45192 | Vaults:1 | Entered Level 1 of the Vaults
 45454 | Vaults:1 | Noticed a sphinx
 45470 | Vaults:1 | Killed a sphinx
 45470 | Vaults:1 | Received a gift from Okawaru
 45991 | Vaults:1 | Received a gift from Okawaru
 46590 | D:14     | Found a bloodstained altar of Trog.
 46630 | D:14     | Found a gate to the Vaults.
 46975 | Vaults:1 | y tho
 46989 | Vaults:1 | Found Fucu's Antique Weapon Emporium.
 47310 | D:14     | Received a gift from Okawaru
 47665 | Vaults:1 | Received a gift from Okawaru
 47691 | Vaults:1 | Received a gift from Okawaru
 48175 | Vaults:1 | Found Itueraibb's General Store.
 48265 | Vaults:1 | Reached XP level 18. HP: 196/196 MP: 27/27
 48712 | Vaults:1 | Bought an uncursed staff of poison for 425 gold pieces
 49011 | D:4      | Bought a manual of Hexes for 1104 gold pieces
 49241 | Snake:1  | Found a transporter.
 49379 | Snake:1  | Found Ekar's Distillery.
 49381 | Snake:1  | Found a radiant altar of Vehumet.
 49388 | Snake:1  | Bought a potion of heal wounds for 85 gold pieces
 49388 | Snake:1  | Bought a potion of resistance for 170 gold pieces
 49388 | Snake:1  | Bought a potion of heal wounds for 85 gold pieces
 49388 | Snake:1  | Bought a potion of heal wounds for 85 gold pieces
 49388 | Snake:1  | Bought a potion of haste for 170 gold pieces
 49388 | Snake:1  | Bought a potion of might for 68 gold pieces
 49388 | Snake:1  | Bought 2 potions of resistance for 340 gold pieces
 50011 | Snake:1  | Received a gift from Okawaru
 50285 | Snake:1  | Received a gift from Okawaru
 50285 | Snake:1  | Reached skill level 17 in Throwing
 50327 | Snake:1  | Found a transporter.
 50605 | Snake:2  | Noticed DarkwingDuck's ghost (adept MiSk)
 50617 | Snake:2  | Killed DarkwingDuck's ghost
 50836 | Snake:2  | Found a shimmering altar of Xom.
 51461 | Snake:3  | Received a gift from Okawaru
 51632 | Snake:3  | Noticed Agnes
 51644 | Snake:3  | Killed Agnes
 51677 | Snake:3  | Received a gift from Okawaru
 51998 | Snake:3  | Received a gift from Okawaru
 52426 | Snake:3  | Received a gift from Okawaru
 52617 | Snake:3  | Noticed Bai Suzhen
 52645 | Snake:3  | Killed Bai Suzhen
 52653 | Snake:3  | Received a gift from Okawaru
 52670 | Snake:3  | Reached XP level 19. HP: 200/209 MP: 7/28
 53288 | Snake:4  | Entered Level 4 of the Snake Pit
 53294 | Snake:4  | Reached skill level 18 in Throwing
 53929 | Snake:4  | Received a gift from Okawaru
 55078 | Snake:4  | Received a gift from Okawaru
 55109 | Snake:4  | Received a gift from Okawaru
 55119 | Snake:4  | Identified the +1 executioner's axe "X" {flame, rF- rN+ MR++ Int+4} (Okawaru gifted it to you on level 4 of the Snake Pit)
 56148 | Snake:4  | Received a gift from Okawaru
 56148 | Snake:4  | Reached skill level 19 in Throwing
 56237 | Snake:4  | Got a serpentine rune of Zot
 57241 | Vaults:2 | Found a staircase to the Crypt.
 57445 | Vaults:1 | Identified a scroll of acquirement
 57447 | Vaults:1 | Got a twisted cloak
 57448 | Vaults:1 | Identified the +1 cloak of the Eagle {-Cast rN++ Dex+4} (You acquired it on level 1 of the Vaults)
 57567 | Vaults:2 | Reached XP level 20. HP: 221/221 MP: 29/29
 58691 | Vaults:2 | Received a gift from Okawaru
 58739 | Vaults:2 | Reached skill level 5 in Charms
 58992 | Vaults:2 | Received a gift from Okawaru
 59273 | Vaults:2 | Reached skill level 20 in Throwing
 59962 | Lair:4   | Identified the +1 short sword of Honour {vamp, +Inv rElec rN+ MP-9} (You found it on level 4 of the Lair of Beasts)
 60013 | Lair:4   | Identified the +9 flail of Courage {freeze, -Tele Int+3 Dex+3 SInv} (You found it on level 4 of the Lair of Beasts)
 60189 | Orc:2    | Bought a smoking falchion for 184 gold pieces
 60189 | Orc:2    | Identified the +7 falchion of Lema {freeze, *Noise Dex+9} (You bought it in a shop on level 2 of the Orcish Mines)
 60410 | Vaults:3 | Reached skill level 10 in Dodging
 61360 | Vaults:3 | Found Beytutirr's Weapon Emporium.
 61425 | Vaults:3 | Reached skill level 10 in Armour
 61528 | Vaults:3 | Found Avery's Gadget Shoppe.
 61558 | Vaults:3 | Reached XP level 21. HP: 181/231 MP: 25/30
 61673 | Vaults:3 | Received a gift from Okawaru
 61797 | Vaults:3 | Noticed Donald
 61802 | Vaults:3 | Killed Donald
 61807 | Vaults:3 | Received a gift from Okawaru
 61949 | Vaults:3 | Received a gift from Okawaru
 62512 | Vaults:4 | Received a gift from Okawaru
 63171 | Vaults:4 | Gained mutation: Your spells are a little easier to cast, but a little less powerful. [a shining eye]
 63196 | Vaults:4 | Reached skill level 21 in Throwing
 63678 | Vaults:4 | Reached skill level 15 in Shields
 63966 | Vaults:4 | Received a gift from Okawaru
 64289 | Vaults:4 | Received a gift from Okawaru
 64460 | Vaults:4 | Received a gift from Okawaru
 64643 | Vaults:4 | Reached XP level 22. HP: 223/244 MP: 15/31
 65082 | Elf:1    | Entered Level 1 of the Elven Halls
 66559 | Elf:2    | Found Vunos's Armour Shop.
 66613 | Elf:1    | Received a gift from Okawaru
 67188 | Elf:2    | Found Hadafaeh's Gadget Shop.
 67281 | Elf:2    | Received a gift from Okawaru
 67419 | Elf:2    | Found a runed gate.
 67419 | Elf:2    | Found a runed gate.
 67421 | Elf:2    | Found a runed gate.
 67522 | Elf:2    | Received a gift from Okawaru
 67764 | Elf:2    | Found Kaepeedo's Food Shoppe.
 67894 | Elf:3    | Entered Level 3 of the Elven Halls
 67950 | Elf:3    | Noticed Aizul
 67964 | Elf:3    | Killed Aizul
 68133 | Elf:3    | Noticed Asterion
 68146 | Elf:3    | Killed Asterion
 68233 | Elf:3    | Noticed Roxanne
 68243 | Elf:3    | Found Jaomn's Elven Fire.
 68386 | Elf:3    | Reached skill level 10 in Invocations
 68916 | Elf:3    | Killed Roxanne
 68923 | Elf:3    | Identified Roxanne's Compendium of Transformation (You took it off Roxanne on level 3 of the Elven Halls)
 68928 | Elf:3    | Learned a level 2 spell: Passwall
 68994 | Elf:3    | Received a gift from Okawaru
 68994 | Elf:3    | Reached skill level 22 in Throwing
 69104 | Elf:2    | Received a gift from Okawaru
 69328 | Elf:3    | Reached XP level 23. HP: 248/256 MP: 27/32
 69470 | Elf:3    | Cast into level 2 of the Abyss (a deep elf demonologist)
 69818 | Abyss:4  | Found a corrupted altar of Lugonu.
 70023 | Abyss:4  | FUCKXCKCLKCK
 70024 | Abyss:4  | Killed from afar by a green death (illusionary)

Vault maps used:
D:1:      dpeg_arrival_solitude
D:2:      grunt_temple_overflow_diamond, first_ration, serial_glass,
          glass_columns_a, glass_columns_a, minmay_statues_item
D:3:      kennysheep_generic_room_15
D:4:      serial_shops, nicolae_shop_stone, minmay_misc_feat_encased,
          bh_walls_and_bars
D:5:      temple_green, basic_altar, serial_shops, shop, fedhas_altar_3
D:6:      old_forge, grunt_dithmenos_smoke, serial_shops, shop,
          supply_closet_lemuel, sigmund_army
D:7:      minmay_the_grid_octo_2x2, okawaru_altar_gauntlet_db
D:8:      lemuel_ratsnest, uniq_pikel
D:10:     due_lair_maze_entry_diamond
D:11:     cheibrodos_fzero, serial_shops, nicolae_shop_trees
D:13:     uniq_kirke
D:14:     erik_vaults_2, basic_altar
D:15:     grunt_enter_depths_hoard, small_statue_intersection
Temple:   compressed_dpeg_circular_temple
Lair:2:   minmay_snake_entry_guardpost_large, portal_ice_cave_entry_pillars_1,
          serial_bayou_shore_a, minmay_lair_oklob_chamber, grunt_megastairs_2,
          uniq_harold, uniq_sonja
Lair:3:   nicolae_swamp_entry_splash_gauntlet
Lair:4:   ice2_lemuel, grunt_megastairs_3
Lair:5:   gammafunk_lair_enchanted_lake, minmay_slime_entry_eyes
Lair:6:   cheibrodos_lair_end_hotspot
Swamp:1:  hangedman_swamp_ruin_hall, swamp_pool3, infiniplex_staircase_pool,
          uniq_louise
Swamp:2:  evilmike_swamp_ruin_rubble_1
Swamp:3:  nicolae_swamp_fairy_circle, swamp_pool2, hangedman_swamp_pad,
          nicolae_swamp_stair_fork
Swamp:4:  swamp_icy
Snake:1:  gammafunk_sealed_library, serial_shops, shop
Snake:2:  basic_altar, serial_bayou_pond_c
Snake:3:  grunt_megastairs_4, basic_stair_grate_trap, uniq_bai_suzhen,
          uniq_agnes
Snake:4:  grunt_snake_rune_pools, nicolae_snake_serpentine_hallways,
          st_stairs_9, stair_cage_cross
Orc:2:    st_orc_mages, basic_altar, hangedman_feature_mirror,
          nicolae_orc_flooded_monolith
Elf:1:    hangedman_elf_disciples, nooodl_food_tri
Elf:2:    serial_shops, nicolae_shop_trees, shop, shop,
          kennysheep_underground_church
Elf:3:    minmay_elf_hall_furrowed, nicolae_elf_glass_and_crystal_pillar_1,
          guppyfry_elf_lava, uniq_asterion, uniq_aizul, uniq_roxanne
Vaults:1: dpeg_vaults_pockets_of_resistance, nicolae_vaults_rhombus_5,
          vaults_room_door_hall, nicolae_vaults_windows_and_doors_thing,
          ontoclasm_vaults_bender, ontoclasm_vaults_ring_small,
          nicolae_vaults_little_ls, serial_shops, shop, shop_statue
Vaults:2: nicolae_vaults_network_periphery, v_misc_24, hangedman_vaults_cutoff,
          nicolae_vaults_network_star, v_misc_1, vaults_mumra_bighexcomb,
          vaults_dpeg_diagonal, v_misc_15, ontoclasm_vaults_pinch,
          nicolae_vaults_little_squares_2, vaults_room_door_ring, v_misc_4,
          nicolae_vaults_sealed_display, ontoclasm_vaults_fault,
          blue_anna_dwarven_crypt
Vaults:3: st_hourglassy, nicolae_vaults_little_squares_1,
          hangedman_vaults_nails, vaults_room_mumra_shop_pool,
          vaults_standard_mumra_x, vaults_room_pool, hangedman_vaults_pinch,
          nicolae_vaults_border_crossing, dpeg_vaults_monster_box, serial_shops,
          nicolae_shop_behind_doors, uniq_donald
Vaults:4: vaults_mumra_chevron_long, hangedman_vaults_nodes, st_lattice,
          hangedman_vaults_trim, v_misc_29, hangedman_vaults_hat, v_misc_19,
          v_misc_10, v_alt_pattern_3, ontoclasm_vaults_chip,
          nicolae_vaults_hallways_thing, v_misc_15
Abyss:2:  hangedman_abyss_or_decor_clamps
Abyss:4:  grunt_abyss_rune_forest_and_sorcery, evilmike_abyss_exit_7
IceCv:    ice_cave_caverns_02

Skill      XL: |  1  2  3  4  5  6  7  8  9 10 11 12 13 14 15 16 17 18 19 20 21 22 |
---------------+-------------------------------------------------------------------+-----
Fighting       | 2 3 4 5 7 9 10 11 12 13 14 15 16 17 18 19 20 | 20.5
Throwing       | 3 4 5 6 8 9 11 12 13 14 15 16 17 19 20 21 22 | 22.0
Spellcasting   | 2 4 5 6 |  6.0
Hexes          | 3 4 5 6 8 9 |  9.8
Translocations | 1 2 4 5 6 7 |  7.3
Invocations    | 3 4 5 7 8 10 | 10.0
Dodging        | 2 3 5 6 7 9 10 11 12 | 12.3
Conjurations   | 3 4 5 |  5.0
Fire Magic     | 2 3 |  3.0
Charms         | 2 4 5 |  5.9
Necromancy     | 2 3 |  3.0
Armour         | 3 4 6 7 8 9 10 11 | 11.6
Shields        | 3 7 10 12 13 14 15 | 15.0

Action                   |  1- 3 |  4- 6 |  7- 9 | 10-12 | 13-15 | 16-18 | 19-21 | 22-24 || total
-------------------------+-------+-------+-------+-------+-------+-------+-------+-------++-------
Melee: Unarmed           |    28 |       |       |       |       |       |       |       ||    28
       Spear             |    20 |     2 |       |       |       |       |       |       ||    22
       Hand axe          |       |    41 |     4 |       |       |       |       |       ||    45
       Rapier            |       |    28 |   225 |   447 |   613 |   587 |   368 |   403 ||  2671
       Punch             |       |       |     3 |     5 |     5 |       |       |       ||    13
       Double sword      |       |       |     1 |    27 |       |       |       |       ||    28
       Staff             |       |       |       |       |       |    10 |       |       ||    10
 Fire: Blowgun           |       |       |       |       |       |     2 |       |       ||     2
Throw: Stone             |    68 |   112 |    79 |   478 |   343 |   166 |    89 |   212 ||  1547
       Large rock        |    17 |     9 |    12 |    12 |   448 |  1040 |  1053 |   261 ||  2852
       Javelin           |     8 |    11 |    21 |    52 |   102 |   129 |   176 |   113 ||   612
       Throwing net      |     5 |     1 |       |       |       |       |       |       ||     6
 Cast: Corona            |    33 |    48 |    30 |       |       |       |       |       ||   111
       Slow              |       |    12 |    19 |    22 |       |       |       |       ||    53
       Conjure Flame     |       |       |       |    28 |    32 |     4 |     2 |       ||    66
       Confuse           |       |       |       |    21 |    21 |     9 |     8 |       ||    59
       Portal Projectile |       |       |       |    19 |    58 |    99 |    50 |    19 ||   245
       Apportation       |       |       |       |    15 |    35 |    44 |    22 |    22 ||   138
       Blink             |       |       |       |     4 |     9 |    30 |    13 |    12 ||    68
       Cause Fear        |       |       |       |     1 |     9 |     5 |       |     2 ||    17
       Regeneration      |       |       |       |     1 |     8 |    17 |     3 |     7 ||    36
Invok: Heroism           |       |       |    11 |    30 |    53 |    47 |    35 |    24 ||   200
       Finesse           |       |       |       |       |     8 |     5 |     9 |     2 ||    24
 Abil: Cancel Portal Pro |       |       |       |       |       |       |     2 |     1 ||     3
Evoke: Lamp of fire      |       |       |     1 |     1 |     1 |       |       |       ||     3
       Wand              |       |       |       |     7 |     3 |     7 |     6 |     6 ||    29
  Use: Potion            |     2 |       |     3 |     3 |     1 |     3 |       |    10 ||    22
       Scroll            |     1 |     9 |     1 |    11 |    15 |    11 |    15 |     7 ||    70
 Stab: Sleeping          |       |       |     1 |       |       |       |       |       ||     1
       Confused          |       |       |       |     4 |     5 |     1 |       |       ||    10
       Invisible         |       |       |       |       |       |     1 |       |       ||     1
  Eat: Chunk             |     5 |     8 |     9 |    28 |    28 |    26 |    20 |    10 ||   134
       Ration            |       |     2 |     2 |     4 |     8 |    12 |     5 |     3 ||    36
Armor: Robe              |    29 |    28 |    65 |    22 |       |       |       |       ||   144
       Skin              |     8 |       |       |       |       |       |       |       ||     8
       Troll leather arm |       |       |       |   124 |    32 |       |       |       ||   156
       Ice dragon scales |       |       |       |       |   429 |   229 |       |       ||   658
       Fire dragon scale |       |       |       |       |       |   168 |   167 |   178 ||   513
Dodge: Dodged            |    68 |    56 |   186 |   283 |   484 |   421 |   247 |   226 ||  1971
       Deflected         |       |       |       |       |       |    30 |    38 |    40 ||   108
Block: Large shield      |       |       |       |       |       |  1298 |   959 |   791 ||  3048
       Reflection        |       |       |       |       |       |       |     1 |       ||     1
       Rpst.: Double sword |       |       |       |     5 |       |       |       |       ||     5

Table legend:
 A = Spawn XP
 B = Non-spawn XP
 C = Spawn XP percentage of total XP
 D = Spawn monster count
 E = Non-spawn monster count
 F = Spawn count percentage of total count
 G = Total turns spent on level
                    A         B        C        D         E        F      G
               +---------+---------+-------+---------+---------+-------+---------
         Total |    6728 |  716333 |   0.9 |      10 |    1627 |   0.6 | 70024
               +---------+---------+-------+---------+---------+-------+---------
           D:1 |       0 |      24 |   0.0 |       0 |      14 |   0.0 |  1336
           D:2 |       0 |      91 |   0.0 |       0 |      24 |   0.0 |  2357
           D:3 |       0 |     118 |   0.0 |       0 |      19 |   0.0 |   848
           D:4 |       0 |     162 |   0.0 |       0 |       9 |   0.0 |  1183
           D:5 |       0 |     370 |   0.0 |       0 |       7 |   0.0 |  1633
           D:6 |       0 |    1234 |   0.0 |       0 |      28 |   0.0 |  2087
           D:7 |       0 |    1941 |   0.0 |       0 |      38 |   0.0 |  1951
           D:8 |       0 |    2080 |   0.0 |       0 |      47 |   0.0 |  1571
           D:9 |       0 |     608 |   0.0 |       0 |      11 |   0.0 |   651
          D:10 |       0 |    3711 |   0.0 |       0 |      32 |   0.0 |  1598
          D:11 |       0 |    4023 |   0.0 |       0 |      32 |   0.0 |  1275
          D:12 |       0 |    5699 |   0.0 |       0 |      33 |   0.0 |  1504
          D:13 |       0 |    9793 |   0.0 |       0 |      28 |   0.0 |   936
          D:14 |       0 |   21383 |   0.0 |       0 |      36 |   0.0 |  2925
          D:15 |       0 |   14625 |   0.0 |       0 |      27 |   0.0 |  1498
        Lair:1 |       0 |    2853 |   0.0 |       0 |      10 |   0.0 |  1244
        Lair:2 |       0 |    6675 |   0.0 |       0 |      24 |   0.0 |  2145
        Lair:3 |       0 |    5349 |   0.0 |       0 |      23 |   0.0 |  1911
        Lair:4 |       0 |   10054 |   0.0 |       0 |      43 |   0.0 |  2345
        Lair:5 |       0 |   11430 |   0.0 |       0 |      38 |   0.0 |  3139
        Lair:6 |       0 |   28918 |   0.0 |       0 |      79 |   0.0 |  3126
       Swamp:1 |       0 |   15472 |   0.0 |       0 |      47 |   0.0 |  1924
       Swamp:2 |       0 |   10843 |   0.0 |       0 |      33 |   0.0 |  1706
       Swamp:3 |       0 |   10408 |   0.0 |       0 |      25 |   0.0 |  1833
       Swamp:4 |       0 |   20849 |   0.0 |       0 |      57 |   0.0 |  1681
       Snake:1 |       0 |   28950 |   0.0 |       0 |      41 |   0.0 |  1408
       Snake:2 |       0 |   12497 |   0.0 |       0 |      21 |   0.0 |  1039
       Snake:3 |       0 |   30998 |   0.0 |       0 |      37 |   0.0 |  1856
       Snake:4 |       0 |   57554 |   0.0 |       0 |      90 |   0.0 |  3045
         Orc:1 |       0 |    1890 |   0.0 |       0 |      17 |   0.0 |   545
         Orc:2 |       0 |    8498 |   0.0 |       0 |      77 |   0.0 |  1315
         Elf:1 |       0 |   22735 |   0.0 |       0 |      42 |   0.0 |  1868
         Elf:2 |       0 |   36706 |   0.0 |       0 |      46 |   0.0 |  1114
         Elf:3 |       0 |   61851 |   0.0 |       0 |      66 |   0.0 |  1406
      Vaults:1 |       0 |   39826 |   0.0 |       0 |      54 |   0.0 |  2734
      Vaults:2 |       0 |   65841 |   0.0 |       0 |     124 |   0.0 |  2812
      Vaults:3 |       0 |   73765 |   0.0 |       0 |     100 |   0.0 |  2233
      Vaults:4 |       0 |   78157 |   0.0 |       0 |     103 |   0.0 |  2297
       Abyss:3 |    3945 |       0 | 100.0 |       4 |       0 | 100.0 |   215
       Abyss:4 |    2783 |       0 | 100.0 |       6 |       0 | 100.0 |   291
         IceCv |       0 |    8352 |   0.0 |       0 |      45 |   0.0 |  1357
               +---------+---------+-------+---------+---------+-------+---------
